 Dungeon Crawl Stone Soup version 0.16.2-12-gd0ad4c3 (webtiles) character file.

121 faibistes the Magician (level 4, -1/24 HPs)
             Began as a Deep Elf Wizard on Jan 18, 2019.
             Was an Initiate of Sif Muna.
             Slain by an adder (5 damage)
             ... on level 3 of the Dungeon.
             The game lasted 00:08:19 (2978 turns).

faibistes the Magician (Deep Elf Wizard)            Turns: 2978, Time: 00:08:20

Health: -1/24      AC:  2    Str:  4    XL:     4   Next: 77%
Magic:  1/18       EV: 13    Int: 24    God:    Sif Muna [......]
Gold:   148        SH:  0    Dex: 13    Spells: 6 memorised, 2 levels left

rFire  . . .     SeeInvis .     e - +0 dagger
rCold  . . .     Clarity  .     a - +0 robe
rNeg   + . .     SustAb   .     (no shield)
rPois  +         Gourm    .     b - +0 hat
rElec  .         Spirit   .     (no cloak)
rCorr  .         Warding  .     (no gloves)
rMut   .         Stasis   .     (no boots)
MR     .....                    (no amulet)
Stlth  ++........               p - ring of poison resistance
                                h - ring of positive energy

@: very slightly contaminated, repel missiles, not resistant to hostile
enchantments, unstealthy
A: no striking features
a: Renounce Religion


You were on level 3 of the Dungeon.
You worshipped Sif Muna.
Sif Muna was noncommittal.
You were not hungry.

You visited 1 branch of the dungeon, and saw 4 of its levels.

You collected 148 gold pieces.

Inventory:

Hand weapons
 e - a +0 dagger (weapon)
Armour
 a - a +0 robe (worn)
 b - a +0 hat (worn)
Jewellery
 h - a ring of positive energy (left hand)
 p - a ring of poison resistance (right hand)
Magical devices
 s - a wand of digging (8)
Scrolls
 f - 2 scrolls of teleportation {unknown}
 j - a scroll of fog {unknown}
 l - 2 scrolls of amnesia {unknown}
 q - 2 scrolls of enchant armour {unknown}
 u - a scroll of recharging {unknown}
 v - a scroll of remove curse {unknown}
Potions
 g - a potion of brilliance {unknown}
 k - a potion of haste {unknown}
 n - 2 potions of curing {unknown}
 t - a potion of poison {unknown}
 w - a potion of heal wounds {unknown}
Books
 c - a book of Minor Magic

   Spells                             Type                      Level
   a - Magic Dart                     Conjuration                  1
   b - Blink                          Translocation                2
   c - Call Imp                       Summoning                    2
   d - Repel Missiles                 Charms/Air                   2
   e - Slow                           Hexes                        2
   f - Conjure Flame                  Conjuration/Fire             3
   g - Mephitic Cloud                 Conjuration/Poison/Air       3
Comestibles
 d - 4 bread rations
 i - a meat ration
 m - a beef jerky
 o - 4 chunks of flesh
 r - a slice of pizza


   Skills:
 + Level 3.3 Dodging
 - Level 2.4 Stealth
 * Level 6.1 Spellcasting
 * Level 3.1 Conjurations
 - Level 1.1 Summonings
 - Level 1.1 Translocations


You had 2 spell levels left.
You knew the following spells:

 Your Spells              Type           Power        Failure   Level  Hunger
a - Magic Dart            Conj           ###.         1%          1    None
b - Conjure Flame         Conj/Fire      ##......     14%         3    #......
c - Call Imp              Summ           ##......     10%         2    None
d - Blink                 Tloc           N/A          10%         2    None
e - Mephitic Cloud        Conj/Pois/Air  ##......     17%         3    #......
f - Repel Missiles        Chrm/Air       #.....       12%         2    None


Dungeon Overview and Level Annotations

Branches:
Dungeon (4/15)
 Temple: D:4-7

Altars:
Ashenzari
Sif Muna
Trog


Message History

Your crimson imp blinks!
You swap places.
Your white imp gestures at the adder.
The puff of frost misses the adder.
Your white imp closely misses the adder.
The adder bites your crimson imp.
Your crimson imp blinks!
The adder bites your crimson imp. The orc hits you with a dagger.
* * * LOW HITPOINT WARNING * * *
Your crimson imp hits the adder.
Your white imp barely misses the adder.
You swap places.
The adder misses your crimson imp. The orc completely misses you.
Your crimson imp hits the orc.
The orc dies!
Your white imp barely misses the adder.
Your crimson imp hits the adder.
Your crimson imp hits the adder but does no damage.
Your white imp gestures at the adder.
The puff of frost misses the adder.
The adder bites you.
You die...

#......
#.......
#.....# #
#.....# .#
#.....####.#
#....).....#
#5)..[.....#
#.S5.......#
#@5..).....#
#..........#
#..........#
#..........###
####.........#
#.........#
#.........#
#..(......####.
##.............


You could see an adder, 2 friendly crimson imps and a friendly white imp.

Vanquished Creatures
  Jessica (D:2)
  2 adders (D:2)
  A giant mite (D:2)
  A worm (D:1)
  7 giant geckos
  3 oozes
  3 orcs (D:3)
  6 goblins
  4 hobgoblins
  6 jackals (D:2)
  5 bats
  A giant cockroach (D:2)
  3 giant newts
  7 kobolds
  8 rats
58 creatures vanquished.

Vanquished Creatures (collateral kills)
  2 orcs (D:3)
  4 jackals
6 creatures vanquished.

Vanquished Creatures (others)
  A crimson imp (D:3)
1 creature vanquished.

Grand Total: 65 creatures vanquished

Notes
Turn   | Place    | Note
--------------------------------------------------------------
     0 | D:1      | faibistes, the Deep Elf Wizard, began the quest for the Orb.
     0 | D:1      | Reached XP level 1. HP: 10/10 MP: 6/6
   489 | D:2      | Reached XP level 2. HP: 7/15 MP: 4/10
   510 | D:2      | Learned a level 2 spell: Blink
   513 | D:2      | Learned a level 2 spell: Call Imp
   834 | D:1      | Reached skill level 5 in Spellcasting
  1404 | D:1      | Reached XP level 3. HP: 19/19 MP: 0/14
  1409 | D:1      | Learned a level 3 spell: Conjure Flame
  1413 | D:1      | Learned a level 3 spell: Mephitic Cloud
  1950 | D:2      | Found a deep blue altar of Sif Muna.
  1958 | D:2      | Became a worshipper of Sif Muna the Loreminder
  1964 | D:2      | Learned a level 2 spell: Repel Missiles
  2014 | D:2      | Found a shattered altar of Ashenzari.
  2176 | D:2      | Noticed Jessica
  2182 | D:2      | Killed Jessica
  2182 | D:2      | Reached XP level 4. HP: 24/24 MP: 9/17
  2633 | D:2      | Reached skill level 6 in Spellcasting
  2818 | D:2      | Found a bloodstained altar of Trog.
  2978 | D:3      | Slain by an adder

Action                   |  1- 3 |  4- 6 || total
-------------------------+-------+-------++-------
Melee: Dagger            |     4 |     1 ||     5
 Cast: Magic Dart        |    96 |    50 ||   146
       Call Imp          |     5 |     5 ||    10
       Conjure Flame     |     1 |     1 ||     2
       Mephitic Cloud    |     1 |       ||     1
       Repel Missiles    |     1 |       ||     1
  Eat: Chunk             |     4 |     2 ||     6
